 Dungeon Crawl Stone Soup version bcrawl-1.19.2-6-g6a88ae04c9 (webtiles) character file.

Game seed: 7836936632486578298

133 Mrkan the Skirmisher (level 4, -6/40 HPs)
             Began as a Draconian Fighter on Jan 6, 2020.
             Mangled by a gnoll (9 damage)
             ... on level 2 of the Dungeon.
             The game lasted 00:02:53 (2361 turns).

Mrkan the Skirmisher (Draconian Fighter)            Turns: 2361, Time: 00:02:54

Health: -6/40      AC:  6    Str: 19    XL:     4   Next: 94%
Magic:  4/4        EV: 11    Int:  8    God:
Gold:   198        SH:  9    Dex: 11    Spells: 3/3 levels left

rFire    . . .     SeeInvis .   a - +0 flail
rCold    . . .     Gourm    .   b - +0 shield
rNeg     . . .     Faith    .   (armour unavailable)
rPois    .         Spirit   .   (helmet restricted)
rElec    .         Reflect  .   (no cloak)
rCorr    .         Harm     .   (no gloves)
MR       .....                  i - +0 pair of boots
Stlth    +.........             (no amulet)
HPRegen  0.13/turn              (no ring)
MPRegen  0.09/turn              (no ring)

@: lethally poisoned (-6 -> -12)
A: unfitting armour, cold-blooded, AC +5
a: no special abilities


You were on level 2 of the Dungeon.
You were not hungry.

You visited 1 branch of the dungeon, and saw 3 of its levels.

You collected 198 gold pieces.

Inventory:

Hand Weapons
 a - a +0 flail (weapon)
Armour
 b - a +0 shield (worn)
 i - a +0 pair of boots (worn)
Jewellery
 l - an uncursed ring of protection from cold {unknown}
Scrolls
 e - 3 scrolls of fear {unknown}
 f - 2 scrolls of teleportation {unknown}
 h - 7 scrolls of identify {unknown}
 m - a scroll of fog {unknown}
 n - 2 scrolls of remove curse {unknown}
 o - a scroll of enchant weapon {unknown}
 q - a scroll of amnesia {unknown}
Potions
 c - a potion of might
 g - a potion of heal wounds {unknown}
 j - 2 potions of flight {unknown}
 k - 4 potions of curing {unknown}
 r - a potion of agility {unknown}
Comestibles
 d - 3 rations {!d}
 p - 3 chunks of flesh


   Skills:
 + Level 4.0 Fighting
 * Level 3.6 Maces & Flails
 + Level 3.3 Dodging
 + Level 3.6 Shields


You had 3 spell levels left.
You didn't know any spells.
Your spell library was empty.

Dungeon Overview and Level Annotations

Branches:
Dungeon (3/12)

Altars:


Innate Abilities, Weirdness & Mutations

Your plain brown scales are hard. (AC +5)
You cannot fit into any form of body armour.
You are cold-blooded and may be slowed by cold attacks.


Message History

There is an escape hatch in the ceiling here.
* * * LOW HITPOINT WARNING * * *
You feel sick. You block the gnoll's attack.
A mysterious force pulls you upwards. The hatch slams shut behind you.
* * * LOW HITPOINT WARNING * * *
You feel sick.
You hit the gnoll.
The gnoll is moderately wounded.
* * * LOW HITPOINT WARNING * * *
You feel sick. You block the gnoll's attack.
You barely miss the gnoll.
You tail-slap the gnoll, but do no damage.
The gnoll is moderately wounded.
The gnoll hits you.
* * * LOW HITPOINT WARNING * * *
You closely miss the gnoll.
The gnoll is moderately wounded.
* * * LOW HITPOINT WARNING * * *
You feel sick. The gnoll hits you!
You die...

## ### ### .#
#.#####.#
.###########.....g.#
................@..#
.###########.#######
.# #.#<# .#########
#.#.#
.##......###.#.######
.##..........#).....#
######
.##......##########.#
#.....
.####.####.......##.#
#.#### ...##.#
#.#####.##.# #.#


You could see a gnoll.

Vanquished Creatures
  2 hound skeletons
  A gnoll (D:3)
  An ooze (D:2)
  5 worms (D:2)
  3 dart slugs
  4 leopard geckos
  2 orcs (D:3)
  3 giant cockroaches
  3 goblins
  7 hobgoblins
  10 jackals
  4 quokkas
  A ball python (D:2)
  6 bats
  4 frilled lizards
  6 kobolds
  4 rats
66 creatures vanquished.

Notes
Turn   | Place    | Note
-------+----------+-------------------------------------------
     0 | D:1      | Mrkan the Draconian Fighter began the quest for the Orb.
     0 | D:1      | Reached XP level 1. HP: 19/19 MP: 1/1
   269 | D:1      | Reached XP level 2. HP: 26/26 MP: 2/2
   953 | D:2      | Reached XP level 3. HP: 31/31 MP: 3/3
  1564 | D:2      | Reached XP level 4. HP: 35/40 MP: 4/4
  2205 | D:3      | Reached skill level 4 in Fighting
  2361 | D:2      | Mangled by a gnoll

Skill      XL: |  1  2  3  4 |
---------------+-------------+-----
Dodging        | 3 |  3.3
Maces & Flails | 3 |  3.6
Fighting       | 4 |  4.0
Shields        | |  3.6

Action                   |  1- 3 |  4- 6 || total
-------------------------+-------+-------++-------
Melee: Flail             |   131 |    98 ||   229
       Tailslap          |    15 |    11 ||    26
 Stab: Sleeping          |     1 |     1 ||     2
  Eat: Chunk             |     2 |     3 ||     5
Armor: Skin              |    45 |    39 ||    84
Dodge: Dodged            |    43 |    35 ||    78
Block: Shield            |    55 |    43 ||    98
